 Dungeon Crawl Stone Soup version 0.28-a0-1199-gef9e1dbd39 (webtiles) character file.

Game seed: 8230906949914763311

248 mcbry74 the Charlatan (level 6, -2/47 HPs)
             Began as a Gnoll Artificer on Dec 19, 2021.
             Was an Initiate of the Shining One.
             Slain by a wyvern zombie (12 damage)
             ... on level 4 of the Dungeon on Dec 20, 2021.
             The game lasted 00:17:40 (4375 turns).

mcbry74 the Charlatan (Gnoll Artificer)             Turns: 4375, Time: 00:17:41

Health: -2/47      AC:  3    Str: 11    XL:     6   Next: 12%
Magic:  8/8        EV: 12    Int: 12    God:    the Shining One [......]
Gold:   86         SH:  5    Dex: 19    Spells: 8/8 levels left

rFire   . . .      SeeInvis .   m - +0 spear
rCold   . . .      Faith    .   u - +0 buckler
rNeg    . . .      Spirit   .   s - +0 leather armour {rPois}
rPois   +          Reflect  .   (no helmet)
rElec   .          Harm     .   (no cloak)
rCorr   .          Rampage  .   (no gloves)
Will    .....                   (no boots)
Stlth   +.........              (no amulet)
HPRegen 0.15/turn               g - +6 ring of dexterity
MPRegen 0.11/turn               (no ring)

@: glowing
A: fangs 1, strong nose, distributed training
a: Renounce Religion


You were on level 4 of the Dungeon.
You worshipped the Shining One.
The Shining One was noncommittal.
You visited 1 branch of the dungeon, and saw 4 of its levels.

You collected 86 gold pieces.

Inventory:

Hand Weapons
 a - a +0 club
 m - a +0 spear (weapon)
 x - a +0 mace
 F - a +0 war axe
Missiles
 i - a throwing net
 j - 20 poisoned darts (quivered)
 k - 23 stones
 o - 81 arrows
 E - 17 bolts
Armour
 b - a +0 leather armour
 p - a +0 ring mail
 q - a +0 leather armour
 s - a +0 leather armour of poison resistance (worn)
 u - a +0 buckler (worn)
Jewellery
 g - a +6 ring of dexterity (left hand)
 r - a ring of fire
 G - a ring of ice
Wands
 c - a wand of flame (6)
 d - a wand of charming (15)
Scrolls
 h - 3 scrolls of identify {unknown}
 n - a scroll of enchant armour {unknown}
 t - a scroll of enchant weapon {unknown}
 y - a scroll of fear {unknown}
 A - a scroll of noise {unknown}
 B - 3 scrolls of teleportation {unknown}
 C - a scroll of blinking {unknown}
Potions
 f - a potion of lignification {unknown}
 l - a potion of haste {unknown}
 v - a potion of resistance {unknown}
 w - a potion of magic {unknown}
 z - a potion of mutation {unknown}
 D - a potion of curing {unknown}
Miscellaneous
 e - a piece from Xom's chessboard (15/15)


   Skills:
 + Level 3.1 Fighting
 + Level 1.8 Short Blades
 + Level 1.8 Long Blades
 + Level 1.8 Axes
 + Level 1.8 Maces & Flails
 + Level 1.8 Polearms
 + Level 1.8 Staves
 + Level 1.8 Slings
 + Level 1.8 Bows
 + Level 1.8 Crossbows
 + Level 1.8 Throwing
 + Level 4.9 Armour
 + Level 3.1 Dodging
 + Level 3.0 Stealth
 + Level 1.8 Shields
 + Level 1.8 Unarmed Combat
 + Level 1.8 Spellcasting
 + Level 1.4 Conjurations
 + Level 1.4 Hexes
 + Level 1.4 Summonings
 + Level 1.4 Necromancy
 + Level 1.4 Translocations
 + Level 1.4 Transmutations
 + Level 1.4 Fire Magic
 + Level 1.4 Ice Magic
 + Level 1.4 Air Magic
 + Level 1.4 Earth Magic
 + Level 1.4 Poison Magic
 + Level 2.0 Invocations
 + Level 6.8 Evocations


You had 8 spell levels left.
You didn't know any spells.
Your spell library contained the following spells:

 Spells                   Type           Power      Damage    Failure   Level
 Beastly Appendage        Tmut           8%         N/A       26%         1
 Magic Dart               Conj           16%        1d3       26%         1
 Slow                     Hex            16%        N/A       26%         1
 Searing Ray              Conj           8%         2d4       36%         2
 Wereblood                Tmut           4%         N/A       36%         2
 Confusing Touch          Hex            4%         N/A       61%         3
 Spider Form              Tmut/Pois      4%         N/A       61%         3
 Tukima's Dance           Hex            4%         N/A       61%         3
 Vampiric Draining        Necr           4%         2d6       61%         3
 Fulminant Prism          Conj/Hex       2%         3d6       95%         4
 Passage of Golubria      Tloc           4%         N/A       95%         4
 Summon Ice Beast         Ice/Summ       4%         N/A       95%         4
 Summon Mana Viper        Hex/Summ       4%         N/A       100%        5
 Yara's Violent Unravell  Hex/Tmut       2%         3d3       100%        5
 Monstrous Menagerie      Summ           2%         N/A       100%        7


Dungeon Overview and Level Annotations

Branches:
Dungeon (4/15)
 Temple: D:4-7

Altars:
Nemelex Xobeh
Yredelemnul
The Shining One

Annotations:
D:4 Pikel


Innate Abilities, Weirdness & Mutations

You have very sharp teeth.
Your uncanny sense of smell can sniff out nearby items.
Your experience applies equally to all skills.


Message History

You hit the wyvern zombie.
You bite the wyvern zombie, but do no damage.
The wyvern zombie is moderately damaged.
The wyvern zombie bites you.
You hit the wyvern zombie.
The wyvern zombie is moderately damaged.
The wyvern zombie bites you!
You hit the wyvern zombie but do no damage.
The wyvern zombie is moderately damaged.
The wyvern zombie misses you. The wyvern zombie barely misses you.
You hit the wyvern zombie.
The wyvern zombie is heavily damaged.
The wyvern zombie barely misses you.
You hit the wyvern zombie but do no damage.
The wyvern zombie is heavily damaged.
The wyvern zombie bites you!
You are too injured to fight recklessly!
You are too injured to fight recklessly!
You are too injured to fight recklessly!
You are too injured to fight recklessly!
Aiming: Throw Flame
Press: ? - help, Shift-Dir - straight line, f/p - wyvern zombie
Aim: a wyvern zombie (heavily damaged, 91% to hit)
The puff of flame hits the wyvern zombie.
The wyvern zombie is severely damaged.
The wyvern zombie closely misses you. The wyvern zombie barely misses you.
Aiming: Throw Flame
Press: ? - help, Shift-Dir - straight line, f/p - wyvern zombie
Aim: a wyvern zombie (severely damaged, 91% to hit)
The puff of flame hits the wyvern zombie!
The wyvern zombie is almost destroyed.
The wyvern zombie bites you!
* * * LOW HITPOINT WARNING * * *
You hit the wyvern zombie.
The wyvern zombie is almost destroyed.
The wyvern zombie bites you but does no damage.
You hit the wyvern zombie.
The wyvern zombie is almost destroyed.
The wyvern zombie closely misses you. The wyvern zombie bites you!
You die...

###.##.###..J
..........# #.#......
......# #...# #.# #.#
# #Z# .# ##@## ##.##
##...## .....
##.....## ###.#.#
##.......## ##.....#
#.........####....###.
+.........'...........
#.........####...#####
##.......## ##..#
##.....## ##.#


You could see a wyvern zombie.

Vanquished Creatures
  A lemure (D:4)
  A scorpion (D:3)
  2 orc priests (D:3)
  2 orc wizards (D:3)
  A worm (D:2)
  2 dart slugs (D:1)
  2 orcs (D:3)
  8 bats
  6 endoplasms (D:1)
  7 giant cockroaches
  4 goblins
  10 hobgoblins
  4 kobolds
  2 quokkas (D:1)
  7 ball pythons
  6 frilled lizards
  5 rats
70 creatures vanquished.

Notes
Turn   | Place    | Note
-------+----------+-------------------------------------------
     0 | D:1      | mcbry74 the Gnoll Artificer began the quest for the Orb.
     0 | D:1      | Reached XP level 1. HP: 17/17 MP: 1/1
   265 | D:1      | Reached XP level 2. HP: 23/23 MP: 2/2
   604 | D:1      | Reached XP level 3. HP: 21/28 MP: 3/3
  1187 | D:1      | Reached skill level 1 in Invocations
  2046 | D:2      | Reached skill level 1 in Short Blades
  2046 | D:2      | Reached skill level 1 in Long Blades
  2046 | D:2      | Reached skill level 1 in Axes
  2046 | D:2      | Reached skill level 1 in Maces & Flails
  2046 | D:2      | Reached skill level 1 in Polearms
  2046 | D:2      | Reached skill level 1 in Staves
  2046 | D:2      | Reached skill level 1 in Slings
  2046 | D:2      | Reached skill level 1 in Bows
  2046 | D:2      | Reached skill level 1 in Crossbows
  2046 | D:2      | Reached skill level 1 in Throwing
  2046 | D:2      | Reached skill level 1 in Shields
  2046 | D:2      | Reached skill level 1 in Unarmed Combat
  2046 | D:2      | Reached skill level 1 in Spellcasting
  2177 | D:2      | Reached XP level 4. HP: 34/34 MP: 5/5
  2665 | D:3      | Noticed a scorpion
  2788 | D:3      | Reached skill level 1 in Conjurations
  2788 | D:3      | Reached skill level 1 in Hexes
  2788 | D:3      | Reached skill level 1 in Summonings
  2788 | D:3      | Reached skill level 1 in Necromancy
  2788 | D:3      | Reached skill level 1 in Translocations
  2788 | D:3      | Reached skill level 1 in Transmutations
  2788 | D:3      | Reached skill level 1 in Fire Magic
  2788 | D:3      | Reached skill level 1 in Ice Magic
  2788 | D:3      | Reached skill level 1 in Air Magic
  2788 | D:3      | Reached skill level 1 in Earth Magic
  2788 | D:3      | Reached skill level 1 in Poison Magic
  2813 | D:3      | Reached XP level 5. HP: 13/40 MP: 5/7
  3648 | D:3      | Reached XP level 6. HP: 44/47 MP: 8/8
  3714 | D:3      | Found a glowing golden altar of the Shining One.
  3716 | D:3      | Noticed an angel
  3721 | D:3      | Became a worshipper of the Shining One
  3805 | D:3      | Found a sparkling altar of Nemelex Xobeh.
  3857 | D:3      | Found a basalt altar of Yredelemnul.
  3859 | D:3      | Noticed a profane servitor
  3966 | D:4      | Noticed Pikel
  4375 | D:4      | Slain by a wyvern zombie

Illustrated notes

Levels and vault maps discovered:
D:1:      dpeg_arrival_houses_and_road, layout_loops_ring,
          chequers_serial_rivers_small_b
D:2:      layout_rooms, kennysheep_big_empty_room
D:3:      layout_loops_ring, nicolae_overflow_hidden_temple,
          grunt_temple_overflow_holy_war
D:4:      layout_loops_corners, grunt_dithmenos_smoke_and_mirrors, uniq_robin,
          uniq_pikel

Skill      XL: |  1  2  3  4  5 |
---------------+----------------+-----
Invocations    | 1 2 |  2.0
Short Blades   | 1 |  1.8
Long Blades    | 1 |  1.8
Axes           | 1 |  1.8
Maces & Flails | 1 |  1.8
Polearms       | 1 |  1.8
Staves         | 1 |  1.8
Slings         | 1 |  1.8
Bows           | 1 |  1.8
Crossbows      | 1 |  1.8
Throwing       | 1 |  1.8
Shields        | 1 |  1.8
Unarmed Combat | 1 |  1.8
Spellcasting   | 1 |  1.8
Conjurations   | 1 |  1.4
Hexes          | 1 |  1.4
Summonings     | 1 |  1.4
Necromancy     | 1 |  1.4
Translocations | 1 |  1.4
Transmutations | 1 |  1.4
Fire Magic     | 1 |  1.4
Ice Magic      | 1 |  1.4
Air Magic      | 1 |  1.4
Earth Magic    | 1 |  1.4
Poison Magic   | 1 |  1.4
Fighting       | 3 |  3.1
Dodging        | 3 |  3.1
Stealth        | 3 |  3.0
Armour         | |  4.9
Evocations     | |  6.8

Action                   |  1- 3 |  4- 6 || total
-------------------------+-------+-------++-------
Melee: Club              |   177 |       ||   177
       Bite              |    26 |    17 ||    43
       Spear             |     8 |   178 ||   186
       Punch             |     1 |       ||     1
Throw: Dart              |       |     6 ||     6
Evoke: Wand              |     2 |     7 ||     9
       Piece from Xom's  |       |     1 ||     1
 Stab: Sleeping          |     8 |     3 ||    11
       Petrified         |       |    16 ||    16
Armor: Leather armour    |    53 |    18 ||    71
Dodge: Dodged            |   124 |    56 ||   180
Block: Buckler           |     1 |    19 ||    20

Table legend: (Time is in decaauts)
 A = Elapsed time spent in this place.
 B = Non-inter-level travel time spent in this place.
 C = Inter-level travel time spent in this place.
 D = Time resting spent in this place.
 E = Time spent auto-exploring this place.
 F = Levels seen in this place.
 G = Mean time per level.
                   A        B        C        D        E       F      G
               +--------+--------+--------+--------+--------+-----+--------+
         Total |   4440 |   4302 |    138 |   1618 |   1310 |   4 | 1110.0 |
       Dungeon |   4440 |   4302 |    138 |   1618 |   1310 |   4 | 1110.0 |
               +--------+--------+--------+--------+--------+-----+--------+

Top non-repeatable levels by time:
     D:1: 1725 daAuts
     D:3: 1307 daAuts
     D:2: 1014 daAuts
     D:4: 393 daAuts
